AoeStats
← Misty

Arena

508297959Analyzed
2v2 RM · 12d ago on Sep 21, 2026· 72m 51s· 4 players
Game mode
Random Map
Map size
Medium (4 player)
Population
200
Speed
Normal
Resources
Standard
Victory
Conquest
Starting age
Dark Age
Ending age
Imperial Age
RankedLock teamsTeams togetherTeam positionsShared explorationLock speedFull tech treeHidden civsTurbo modeCheats
Victory
Defeat
🇨🇦 Khmer · Canada
1055
+15
🇨🇦 Teutons · Canada
1036
+16
🇺🇸 Sicilians · United States
1063
-16
🇦🇺 Bohemians · Australia
1015
-15
Misty
11:40 Feudal Age
15:54 Castle Age
14:12 Double-Bit Axe
14:36 Horse Collar
17:03 Wheelbarrow
16:47 Bow Saw
17:48 Heavy Plow
18:46 Man-at-Arms
20:56 Loom
21:34 Long Swordsman
22:00 Gambesons
22:57 Fletching
32:39 Scale Mail Armor
33:14 Squires
33:26 Forging
34:12 Chain Mail Armor
35:37 Town Watch
43:56 Imperial Age
45:36 Two-Handed Swordsman
45:38 Pikeman
46:04 Arson
46:52 Plate Mail Armor
46:18 Bodkin Arrow
46:58 Iron Casting
48:16 Conscription
49:37 Hoardings
50:41 Capped Ram
54:48 Elite Teutonic Knight
60:13 Masonry
60:08 Siege Engineers
61:09 Hand Cart
65:32 Onager
68:01 Siege Onager
70:39 Blast Furnace
Mutetephy
10:11 Feudal Age
15:33 Castle Age
15:20 Double-Bit Axe
15:16 Horse Collar
21:36 Heavy Plow
21:46 Bow Saw
22:00 Light Cavalry
27:24 Forging
27:19 Scale Barding Armor
29:42 Iron Casting
29:17 Gold Mining
30:23 Chain Barding Armor
31:21 Husbandry
31:22 Fletching
31:33 Padded Archer Armor
31:47 Elite Skirmisher
32:27 Bodkin Arrow
33:35 Wheelbarrow
36:02 Leather Archer Armor
39:52 Imperial Age
37:37 Hand Cart
37:55 Town Watch
40:53 Bracer
41:23 Ring Archer Armor
41:55 Blast Furnace
41:31 Plate Barding Armor
41:58 Chemistry
41:40 Hussar
45:11 Capped Ram
46:41 Bloodlines
54:50 Stone Mining
55:24 Conscription
59:14 Elite Battle Elephant
63:16 Onager
67:53 Gold Shaft Mining
67:53 Stone Shaft Mining
68:16 Crop Rotation
69:28 Coinage
69:46 Pikeman
Manwe
0:34 Loom
11:24 Feudal Age
12:46 Town Watch
17:08 Castle Age
15:19 Fletching
22:21 Gold Mining
31:12 Imperial Age
28:47 Pikeman
29:42 Double-Bit Axe
31:31 Gold Shaft Mining
35:26 Halberdier
37:42 Forging
37:32 Scale Mail Armor
40:14 Iron Casting
39:55 Chain Mail Armor
41:14 Stone Mining
41:42 Bow Saw
42:32 Scale Barding Armor
42:14 Cavalier
42:55 Husbandry
43:07 Bloodlines
43:35 Stone Shaft Mining
43:33 Husbandry
45:30 Chain Barding Armor
45:35 Horse Collar
46:38 Wheelbarrow
47:39 Blast Furnace
47:10 Heavy Plow
49:32 Capped Ram
Penguins1891
10:03 Feudal Age
15:10 Castle Age
13:23 Horse Collar
14:02 Double-Bit Axe
20:49 Loom
23:22 Chemistry
23:06 Heavy Plow
23:43 Wheelbarrow
29:08 Imperial Age
27:57 Pikeman
30:28 Hand Cart
32:18 Scale Mail Armor
32:28 Forging
31:57 Halberdier
35:20 Halberdier
36:41 Onager
38:36 Conscription
38:30 Squires
38:47 Chain Mail Armor
39:08 Iron Casting
38:34 Padded Archer Armor
40:58 Wagenburg Tactics
42:38 Elite Hussite Wagon
Connection lost

Rejoining the realm…

Still unreachable

The connection could not be restored.

Session expired

The server has moved on; the page needs a fresh start.